 Dungeon Crawl Stone Soup version 0.28.0-1-gb440e238dd (webtiles) character file.

Game seed: 15998065114937765943

121 sanka the Ducker (level 5, 0/39 HPs)
             Began as a Merfolk Conjurer on Feb 21, 2022.
             Was a Believer of Trog.
             Succumbed to an adder's poison
             ... on level 3 of the Dungeon.
             The game lasted 00:05:03 (3132 turns).

sanka the Ducker (Merfolk Conjurer)                 Turns: 3132, Time: 00:05:03

Health: 0/39       AC:  2    Str: 10    XL:     5   Next: 5%
Magic:  8/8        EV: 13    Int: 17    God:    Trog [**....]
Gold:   171        SH:  0    Dex: 12    Spells: 7/8 levels left

rFire   . . .      SeeInvis .   e - +0 halberd
rCold   . . .      Faith    .   (shield currently unavailable)
rNeg    . . .      Spirit   .   a - +0 robe
rPois   .          Reflect  .   (no helmet)
rElec   .          Harm     .   (no cloak)
rCorr   .          Rampage  .   (no gloves)
Will    .....                   (no boots)
Stlth   ++........              (no amulet)
HPRegen 0.13/turn               (no ring)
MPRegen 0.11/turn               (no ring)

@: lethally poisoned (0 -> -1)
A: (nimble swimmer 2), mertail
a: Renounce Religion, Berserk, Trog's Hand


You were on level 3 of the Dungeon.
You worshipped Trog.
Trog was pleased with you.
You visited 1 branch of the dungeon, and saw 3 of its levels.

You collected 171 gold pieces.

Inventory:

Hand Weapons
 c - a +0 short sword
 e - a +0 halberd (weapon)
Armour
 a - a +0 robe (worn)
Scrolls
 b - a scroll of amnesia {unknown}
 d - a scroll of noise {unknown}
 f - a scroll of enchant weapon {unknown}
Potions
 i - a potion of curing {unknown}


   Skills:
 + Level 2.7 Fighting
 * Level 3.2 Polearms
 - Level 4.0 Dodging
 - Level 2.1 Stealth
 - Level 2.0 Spellcasting
 - Level 3.5 Conjurations


You had 7 spell levels left.
You knew the following spells:

 Your Spells              Type           Power      Damage    Failure   Level
a - Magic Dart            Conj           52%        1d5       4%          1

Your spell library contained the following spells:

 Spells                   Type           Power      Damage    Failure   Level
 Searing Ray              Conj           26%        2d5       7%          2
 Dazzling Flash           Conj/Hex       14%        N/A       28%         3
 Fulminant Prism          Conj/Hex       3%         3d6       67%         4
 Iskenderun's Mystic Bla  Conj/Tloc      7%         2d4       67%         4


Dungeon Overview and Level Annotations

Branches:
Dungeon (3/15)

Altars:
Trog

Shops:
D:2 (


Innate Abilities, Weirdness & Mutations

((You are very nimble when in or above water. (Stealth+, EV+, Speed+++)))
Your lower body shifts to a powerful aquatic tail in water.


Message History

The orc shouts!
You hear a shout!
The adder misses you. x2
You miss the adder.
The adder is moderately wounded.
The adder misses you.
You barely miss the adder.
The adder is moderately wounded.
The adder misses you. The adder bites you.
You are poisoned.
The adder poisons you!
An orc comes into view. It is wielding a +1 vampiric whip.
You miss the adder.
The adder is lightly wounded.
You feel sick.
The orc shouts!
The adder bites you but does no damage.
An orc comes into view. It is wielding a +0 dagger.
The adder barely misses you.
Unknown command.
You hit the adder.
The adder is moderately wounded.
You feel sick. The adder completely misses you. The adder barely misses you.
You puncture the adder!
You kill the adder!
Trog accepts your kill.
You feel sick. The orc hits you with a +0 flail.
* * * LOW HITPOINT WARNING * * *
You have reached level 5!
You feel stronger.
Okay, then.
It was a potion of lignification.
You turn into a tree.
Your +0 robe melds into your body.
Your roots penetrate the ground.
You feel sick. The orc hits you with a +0 flail.
* * * LOW HITPOINT WARNING * * *
It was a potion of cancellation.
Your magical effects are unravelling.
You feel magically purged.
You feel less wooden.
Your +0 robe unmelds from your body.
You die...

#......#........# #
####. #....#.....#####
..... #..............#
#..###.#.###...<..#.#
###......#(# #.........
......#.###.###......#.#
####.##.###..........#.#
#..>........#.####.#.
####@###..#...# ##.# #o#
#..##.## ### #go##..##.
##oo. #. ..... ..##.#
..# # ..# ..#


You could see 4 orcs and a goblin.

Vanquished Creatures
  3 gnolls
  3 adders
  2 dart slugs
  An orc (D:3)
  5 ball pythons
  7 endoplasms
  2 giant cockroaches
  6 goblins
  5 hobgoblins
  5 jackals
  5 kobolds
  3 quokkas
  3 bats
  4 frilled lizards
  3 rats
57 creatures vanquished.

Notes
Turn   | Place    | Note
-------+----------+-------------------------------------------
     0 | D:1      | sanka the Merfolk Conjurer began the quest for the Orb.
     0 | D:1      | Reached XP level 1. HP: 13/13 MP: 3/3
   201 | D:1      | Found a faded altar of an unknown god.
   209 | D:1      | Prayed at the altar of an unknown god.
   209 | D:1      | Became a worshipper of Trog the Wrathful
   209 | D:1      | Reached * piety under Trog
   236 | D:1      | Reached XP level 2. HP: 19/19 MP: 5/5
   368 | D:1      | Reached skill level 3 in Dodging
   460 | D:1      | Reached skill level 1 in Fighting
  1090 | D:1      | Reached XP level 3. HP: 20/26 MP: 6/6
  1920 | D:2      | Reached skill level 1 in Polearms
  1920 | D:2      | Reached skill level 4 in Dodging
  1920 | D:2      | Reached XP level 4. HP: 33/33 MP: 7/7
  2396 | D:2      | Found Omaz's Antique Weapon Shop.
  2783 | D:2      | Reached ** piety under Trog
  3131 | D:3      | Reached XP level 5. HP: 2/39 MP: 8/8
  3131 | D:3      | HP: 1/58 [orc (2)]
  3132 | D:3      | Succumbed to an adder's poison

Illustrated notes

Levels and vault maps discovered:
D:1:      dpeg_arrival_refuge, layout_loops_ring,
          hellmonk_ecumenical_altar_blasted, wad_floor_pattern_1,
          minmay_tromino_v4_a
D:2:      layout_loops_ring, serial_shops, nicolae_lakefront_shop,
          minmay_shallow_snake_nest
D:3:      layout_loops_ring, trog_hazing_becter,
          nicolae_concentric_dashed_squares_wild

Skill      XL: |  1  2  3  4 |
---------------+-------------+-----
Dodging        | 3 4 |  4.0
Fighting       | 1 2 |  2.7
Polearms       | 1 3 |  3.2
Stealth        | |  2.1
Spellcasting   | |  2.0
Conjurations   | |  3.5

Action                   |  1- 3 |  4- 6 || total
-------------------------+-------+-------++-------
Melee: Unarmed           |    13 |       ||    13
       Short sword       |    92 |       ||    92
       Punch             |     1 |       ||     1
       Halberd           |       |    82 ||    82
 Cast: Magic Dart        |     9 |       ||     9
Invok: Berserk           |     7 |       ||     7
  Use: Potion            |       |     2 ||     2
 Stab: Sleeping          |     2 |     3 ||     5
       Distracted        |       |     3 ||     3
Armor: Robe              |    16 |    16 ||    32
Dodge: Dodged            |    82 |    52 ||   134
